 Dungeon Crawl Stone Soup version 0.26-a0-980-g0fe3eaa9ac (webtiles) character file.

Game seed: 7100343222107345186

6993 pkoi the Carver (level 10, 0/81 HPs)
             Began as a Minotaur Gladiator on Dec 5, 2020.
             Was a High Priest of Okawaru.
             Slain by a sky beast (2 damage)
             ... on level 10 of the Dungeon on Dec 6, 2020.
             The game lasted 00:15:05 (12876 turns).

pkoi the Carver (Minotaur Gladiator)               Turns: 12876, Time: 00:15:05

Health: 0/81       AC:  7    Str: 21    XL:     10   Next: 81%
Magic:  24/24      EV: 14    Int:  5    God:    Okawaru [*****.]
Gold:   501        SH:  0    Dex: 13    Spells: 9/9 levels left

rFire    . . .     SeeInvis .   a - +2 great sword (vamp)
rCold    + . .     Faith    .   (shield currently unavailable)
rNeg     . . .     Spirit   .   w - +3 leather armour {rC+}
rPois    .         Reflect  .   c - +1 hat
rElec    .         Harm     .   (no cloak)
rCorr    .         Rampage  .   (no gloves)
MR       .....                  (no boots)
Stlth    +.........             (no amulet)
HPRegen  0.23/turn              L - ring of magical power
MPRegen  0.19/turn              W - ring of wizardry

@: slowed, very slow
A: retaliatory headbutt, horns 2
a: Heroism, Finesse, Renounce Religion


You were on level 10 of the Dungeon.
You worshipped Okawaru.
Okawaru was extremely pleased with you.
You visited 2 branches of the dungeon, and saw 11 of its levels.

You collected 729 gold pieces.
You spent 228 gold pieces at shops.

Inventory:

Hand Weapons
 a - a +2 vampiric great sword (weapon)
 b - a +0 arbalest
 R - a +0 great sword of flaming
Missiles
 d - 3 throwing nets (quivered)
 j - 33 poisoned darts
 E - 79 bolts
 P - 7 curare-tipped darts
Armour
 c - a +1 hat (worn)
 w - a +3 leather armour of cold resistance (worn)
Jewellery
 n - an uncursed ring of ice
 p - an uncursed ring of see invisible
 H - an uncursed ring of fire
 L - a ring of magical power (left hand)
 N - an uncursed ring of resist corrosion
 W - a ring of wizardry (right hand)
Wands
 v - a wand of iceblast (29)
 y - a wand of digging (4)
 G - a wand of paralysis (17)
 J - a wand of flame (21)
Scrolls
 f - 5 scrolls of amnesia
 k - 5 scrolls of teleportation
 l - 4 scrolls of identify
 m - 2 scrolls of enchant armour
 o - a scroll of summoning
 s - 2 scrolls of enchant weapon
 t - 3 scrolls of fear
 u - 6 scrolls of remove curse
 z - 2 scrolls of fog
 U - a scroll of brand weapon
Potions
 e - 11 potions of curing {unknown}
 g - 2 potions of haste {unknown}
 h - 2 potions of attraction {unknown}
 i - a potion of heal wounds
 q - 3 potions of flight
 r - 2 potions of brilliance
 A - 2 potions of lignification
 B - 3 potions of invisibility {unknown}
 D - 2 potions of resistance
 I - a potion of might
 S - 2 potions of cancellation


   Skills:
 + Level 5.5 Fighting
 + Level 11.9 Long Blades
 - Level 2.0(2.5) Slings
 + Level 7.5 Crossbows
 - Level 2.0(2.3) Throwing
 + Level 4.9 Armour
 + Level 5.2 Dodging
 + Level 8.5 Invocations
 + Level 2.4 Evocations


You had 9 spell levels left.
You didn't know any spells.
Your spell library contained the following spells:

 Spells                   Type           Power        Failure   Level
 Animate Skeleton         Necr           #.....       24%         1
 Beastly Appendage        Tmut           #.....       24%         1
 Pain                     Necr           #...         24%         1
 Shock                    Conj/Air       #...         24%         1
 Summon Small Mammal      Summ           #...         24%         1
 Call Imp                 Summ           #.......     34%         2
 Swiftness                Air            #.......     34%         2
 Wereblood                Tmut           #.......     34%         2
 Call Canine Familiar     Summ           #.......     56%         3
 Spider Form              Tmut/Pois      #.........   56%         3
 Static Discharge         Conj/Air       #.......     56%         3
 Summon Guardian Golem    Hex/Summ       #.......     56%         3
 Vampiric Draining        Necr           #.........   56%         3
 Airstrike                Air            #.........   91%         4
 Animate Dead             Necr           #.........   91%         4
 Cause Fear               Hex            #.........   91%         4
 Ice Form                 Ice/Tmut       #.......     91%         4
 Summon Ice Beast         Ice/Summ       #.......     91%         4
 Summon Lightning Spire   Summ/Air       #.......     91%         4
 Agony                    Necr           #.......     99%         5
 Blade Hands              Tmut           #.........   99%         5
 Lightning Bolt           Conj/Air       #.........   99%         5
 Silence                  Hex/Air        #.........   99%         5
 Yara's Violent Unravell  Hex/Tmut       #.........   99%         5
 Discord                  Hex            #.........   100%        8


Dungeon Overview and Level Annotations

Branches:
Dungeon (10/15)            Temple (1/1) D:4            Lair (0/6) D:9
    Orc: D:9-12

Altars:
Ashenzari
Cheibriados
Dithmenos
Elyvilon
Fedhas
Gozag
Hepliaklqana
Kikubaaqudgha
Makhleb
Nemelex Xobeh
Okawaru
Qazlal
Ru
Sif Muna
Trog
Uskayaw
Vehumet
Wu Jian
Xom
Yredelemnul
Zin
The Shining One

Shops:
D:6 *


Innate Abilities, Weirdness & Mutations

You reflexively headbutt those who attack you in melee.
You have a pair of horns on your head.


Message History

The iguana misses you. You furiously retaliate!
You headbutt the iguana! The iguana closely misses you.
You riposte.
You slash the iguana!
You kill the iguana!
Okawaru accepts your kill.
The sky beast flickers out of sight!
Deactivating autopickup; reactivate with Ctrl-A.
Something barely misses you. Something hits you but does no damage.
There is an open door, spattered with blood here.
You see here a +0 flail.
You slash something!
You feel better. Something hits you.
* * * LOW HITPOINT WARNING * * *
Something shocks you.
* * * LOW HITPOINT WARNING * * *
Unknown command.
You closely miss something. Something closely misses you. Something hits you.
* * * LOW HITPOINT WARNING * * *
Something shocks you.
* * * LOW HITPOINT WARNING * * *
You miss something. Something hits you.
You die...

.............#...................
.......#######'##..#*#.....###...
.......'....##.....###.....###...
.......#...........'.............
.......#...........#,,,..........
.......#######.....#,,,..........
.........,,,,#.....#,,,..........
..........,,,#.....#*,,.#########
...........,,###@#######**,,**8*#
...........,,#.){)......,,,,+,,,.
#######..,,,,#..).......,,,,**8*#
*,,,,,,#..........,,,,*****
*,,,,,,#..........,,,,,,,,,
*,,,,,,#.....##...,,,,,,,,,
*******,*****#.....#*...,,,,,,,,,
,,,,,,,,,,,,,......#*,..**,,**,,,
,,,,,>,*,,,,...$...#******,,*****


There were no monsters in sight!

Vanquished Creatures
  A two-headed ogre (D:8)
  An elephant (D:8)
  A wraith (D:10)
  2 wyverns (D:8)
  4 yaks (D:9)
  A steam dragon (D:9)
  Eustachio (D:5)
  2 sky beasts
  A necrophage (D:9)
  4 black bears
  4 orc warriors
  A phantom (D:8)
  6 ogres
  2 centaurs
  3 bullfrogs
  A gnoll sergeant (D:8)
  A water moccasin zombie (D:8)
  A scorpion (D:7)
  6 killer bees (D:8)
  4 wights (D:9)
  5 howler monkeys
  2 jellies
  2 bullfrog zombies
  2 centaur zombies
  11 orc wizards
  A bullfrog skeleton (D:5)
  6 hounds
  4 orc priests
  5 centaur skeletons
  2 iguanas (D:10)
  11 worker ants
  2 hound zombies (D:5)
  2 hound skeletons
  3 worker ant zombies (D:5)
  Robin (D:4)
  7 gnolls
  14 adders
  3 shadow imps
  2 white imps
  3 ufetubi
  3 oozes
  3 adder zombies
  2 adder skeletons
  6 worms
  2 dart slugs
  2 leopard geckos
  41 orcs
  7 giant cockroaches
  6 hobgoblins
  7 jackals (D:6)
  6 kobolds
  6 quokkas
  2 ball pythons
  5 bats
  5 frilled lizards
  A giant cockroach zombie (D:5)
  12 goblins
  2 jackal zombies (D:5)
  A leopard gecko zombie (D:8)
  2 quokka skeletons (D:5)
  A quokka zombie (D:5)
  5 rats
262 creatures vanquished.

Vanquished Creatures (others)
  16 fungi (D:6)
  12 withered plants (D:5)
28 creatures vanquished.

Grand Total: 290 creatures vanquished

Notes
Turn   | Place    | Note
-------+----------+-------------------------------------------
     0 | D:1      | pkoi the Minotaur Gladiator began the quest for the Orb.
     0 | D:1      | Reached XP level 1. HP: 18/18 MP: 0/0
   295 | D:1      | Reached skill level 4 in Long Blades
   474 | D:1      | Reached XP level 2. HP: 25/25 MP: 1/1
  1023 | D:2      | Reached skill level 5 in Long Blades
  1023 | D:2      | Reached XP level 3. HP: 19/30 MP: 2/2
  1255 | D:2      | Found a blossoming altar of Fedhas.
  1730 | D:2      | Found an iron altar of Okawaru.
  1788 | D:2      | Became a worshipper of Warmaster Okawaru
  1793 | D:2      | Reached skill level 6 in Long Blades
  1793 | D:2      | Reached XP level 4. HP: 29/37 MP: 3/3
  2111 | D:2      | Found a glowing silver altar of Zin.
  2485 | D:3      | Reached skill level 1 in Invocations
  2573 | D:3      | Reached XP level 5. HP: 34/42 MP: 3/5
  2989 | D:3      | Reached skill level 7 in Long Blades
  3082 | D:3      | You fall into a shaft and drop 2 floors!
  3082 | D:5      | Entered Level 5 of the Dungeon
  3257 | D:5      | Reached * piety under Okawaru
  3258 | D:5      | Reached XP level 6. HP: 31/50 MP: 5/7
  3600 | D:5      | Reached skill level 8 in Long Blades
  3800 | D:5      | Reached XP level 7. HP: 56/56 MP: 9/9
  3854 | D:4      | Noticed Robin
  3944 | D:4      | Found a basalt altar of Yredelemnul.
  3944 | D:4      | Found a blossoming altar of Fedhas.
  3944 | D:4      | Found a shadowy altar of Dithmenos.
  3944 | D:4      | Noticed Eustachio
  3948 | D:5      | Reached skill level 1 in Armour
  4166 | D:4      | Killed Robin
  4455 | D:5      | Killed Eustachio
  4948 | D:4      | Found a staircase to the Ecumenical Temple.
  4955 | Temple   | Entered the Ecumenical Temple
  5390 | D:4      | Reached ** piety under Okawaru
  5499 | D:4      | You fall into a shaft and drop 3 floors!
  5561 | D:7      | Reached XP level 8. HP: 49/66 MP: 10/10
  5737 | D:7      | Reached skill level 5 in Invocations
  6640 | D:3      | Reached skill level 9 in Long Blades
  7200 | D:5      | Found a burning altar of Makhleb.
  7200 | D:5      | Found a snail-covered altar of Cheibriados.
  7200 | D:5      | Found a hide-covered altar of Uskayaw.
  7582 | D:6      | Reached skill level 1 in Crossbows
  7798 | D:6      | Found a broken altar of Ashenzari.
  7861 | D:6      | Found Athrooj's Assorted Antiques.
  7867 | D:6      | Bought a runed great sword for 228 gold pieces
  8673 | D:8      | Reached XP level 9. HP: 61/72 MP: 12/12
  8680 | D:8      | Reached *** piety under Okawaru
  9015 | D:8      | Reached skill level 10 in Long Blades
  9518 | D:8      | Received a gift from Okawaru
  9689 | D:8      | Noticed a two-headed ogre
  9698 | D:8      | Killed a two-headed ogre
  9699 | D:8      | Reached skill level 5 in Crossbows
  9809 | D:8      | Found a hazy altar of Hepliaklqana.
 10171 | D:9      | Found a staircase to the Lair.
 10171 | D:9      | Noticed an elephant
 10181 | D:8      | Reached **** piety under Okawaru
 10182 | D:8      | Reached skill level 11 in Long Blades
 10195 | D:8      | Killed an elephant
 10196 | D:8      | Reached XP level 10. HP: 80/80 MP: 14/14
 10758 | D:9      | Reached skill level 1 in Slings
 10789 | D:9      | Reached skill level 1 in Evocations
 10904 | D:9      | Received a gift from Okawaru
 10912 | D:9      | Reached skill level 5 in Fighting
 11202 | D:9      | Reached ***** piety under Okawaru
 11630 | D:10     | Entered Level 10 of the Dungeon
 12132 | D:10     | Reached skill level 5 in Dodging
 12875 | D:10     | HP: 2/81 [something (6)]
 12876 | D:10     | Slain by a sky beast

Illustrated notes

Levels and vault maps discovered:
D:1:      lightli_arrival_chessboard, layout_basic
D:2:      layout_loops_ring, lemuel_coloured_pillars_altar,
          nicolae_overflow_crystal_walls, fedhas_altar_4
D:3:      layout_loops_ring, minmay_box_of_dots
D:4:      layout_basic, chequers_temple_overflow_statue_of_worship,
          minmay_temple_entry_fiery, uniq_robin, uniq_eustachio
D:5:      layout_rooms, gammafunk_temple_overflow_claw, serial_undead,
          serial_undead_f, serial_undead_d, serial_undead_f, serial_undead_d,
          serial_undead_a, serial_undead_b, serial_undead_c, serial_undead_e,
          serial_undead_f, serial_undead_c
D:6:      layout_loops_ring, ashenzari_altar_1, serial_shops,
          nicolae_shop_overgrown_old_shop, serial_aquarium,
          aquarium_bridge_long_joined [aquarium_subvault_bridge,
          aquarium_subvault_bridge, aquarium_subvault_bridge,
          aquarium_subvault_bridge, aquarium_subvault_window,
          aquarium_subvault_wall], aquarium_window_fake,
          aquarium_window_corridor_2, aquarium_view_2f, aquarium_view_2e,
          kennysheep_generic_room_12
D:7:      layout_loops_ring, minmay_hedge_maze, chequers_serial_rivers_small_b
D:8:      layout_basic, kennysheep_mini_moat, minmay_fractal_squares_5
D:9:      layout_stronghold, david_lair_generic
D:10:     layout_gridville, minmay_misc_feat_rows, dk_noncrumbling_2
Temple:   minmay_temple_forest_path

Skill      XL: |  1  2  3  4  5  6  7  8  9 10 |
---------------+-------------------------------+-----
Long Blades    | 4 5 6 7 8 9 11 | 11.9
Invocations    | 1 2 4 6 7 8 |  8.5
Armour         | 2 3 4 |  4.9
Fighting       | 3 4 5 |  5.5
Dodging        | 4 5 |  5.2
Crossbows      | 3 6 7 |  7.5
Slings         | 2 |  2.0
Evocations     | 2 |  2.4
Throwing       | |  2.0

Action                   |  1- 3 |  4- 6 |  7- 9 | 10-12 || total
-------------------------+-------+-------+-------+-------++-------
Melee: Long sword        |    63 |     8 |       |       ||    71
       Headbutt          |     7 |    23 |    54 |    48 ||   132
       Great sword       |       |    86 |   239 |   223 ||   548
 Fire: Arbalest          |       |       |     9 |       ||     9
Invok: Heroism           |       |     1 |     1 |       ||     2
  Use: Scroll            |     2 |       |    17 |     2 ||    21
 Stab: Sleeping          |       |       |     1 |       ||     1
Armor: Leather armour    |    26 |    24 |    68 |    77 ||   195
Dodge: Dodged            |    47 |    72 |   242 |   163 ||   524
       Rpst.: Long sword |    11 |     4 |       |       ||    15
       Great sword       |       |    22 |    62 |    43 ||   127

Table legend: (Time is in decaauts)
 A = Elapsed time spent in this place.
 B = Non-inter-level travel time spent in this place.
 C = Inter-level travel time spent in this place.
 D = Time resting spent in this place.
 E = Time spent auto-exploring this place.
 F = Levels seen in this place.
 G = Mean time per level.
                   A        B        C        D        E       F      G
               +--------+--------+--------+--------+--------+-----+--------+
         Total |  13022 |  12447 |    575 |   3479 |   7136 |  11 | 1183.8 |
       Dungeon |  12706 |  12168 |    538 |   3479 |   6858 |  10 | 1270.6 |
        Temple |    315 |    278 |     37 |      0 |    278 |   1 |  315.0 |
               +--------+--------+--------+--------+--------+-----+--------+

Top non-repeatable levels by time:
     D:5: 1894 daAuts
     D:2: 1660 daAuts
     D:8: 1545 daAuts
     D:9: 1455 daAuts
    D:10: 1264 daAuts
     D:3: 1123 daAuts
     D:7: 1093 daAuts
     D:1: 991 daAuts
     D:6: 870 daAuts
     D:4: 806 daAuts
  Temple: 315 daAuts
